 Dungeon Crawl Stone Soup version 0.32-a0-779-g362cfca (webtiles) character file.

Game seed: 13129263227215862059

12 Anonymous1 the Shooter (level 2, 19/19 HPs)
             Began as a Coglin Hunter on Mar 19, 2024.
             Was a Follower of Hepliaklqana.
             Quit the game on level 1 of the Dungeon.
             The game lasted 00:00:36 (233 turns).

Anonymous1 the Shooter (Coglin Hunter)               Turns: 233, Time: 00:00:36

Health: 19/19      AC:  3    Str: 11    XL:     2   Next: 33%
Magic:  2/2        EV: 11    Int:  8    God:    Hepliaklqana [*.....]
Gold:   9          SH:  0    Dex: 17    Spells: 1/1 levels left

rFire   . . .        a - +2 sling {Tamara}
rCold   . . .        d - +0 sling {Zihan}
rNeg    . . .        c - +0 leather armour
rPois   .            (no helmet)
rElec   .            (no cloak)
rCorr   .            (no gloves)
SInv    .            (no boots)
Will    .....        (amulet unavailable)
Stlth   ++           (ring unavailable)
HPRegen 0.23/turn    (ring unavailable)
MPRegen 0.08/turn    (no gizmo)

%: no passive effects
@: revving
A: reduced essence, off-hand wielding, slow wielding, warmup strikes, no
jewellery
a: Invent Gizmo, Renounce Religion, Recall Ancestor, Ancestor Identity


You were on level 1 of the Dungeon.
You worshipped Hepliaklqana.
Hepliaklqana was aware of your devotion.
You visited 1 branch of the dungeon, and saw 1 of its levels.

You collected 9 gold pieces.

Inventory:

Hand Weapons
 a - a +2 sling (weapon) {Tamara}
 d - a +0 sling (offhand) {Zihan}
Armour
 c - a +0 leather armour (worn)
Scrolls
 b - a scroll of butterflies
 e - a scroll of identify {unknown}
Potions
 f - a potion of curing {unknown}


   Skills:
 + Level 2.1 Fighting
 * Level 4.1 Ranged Weapons
 + Level 1.7 Dodging
 - Level 0.7 Stealth


You had one spell level left.
You didn't know any spells.
Your spell library was empty.

Dungeon Overview and Level Annotations

Branches:
Dungeon (1/15)

Altars:
Hepliaklqana


Innate Abilities, Weirdness & Mutations

Your life essence is reduced to manifest your ancestor. (-10% HP)
You can wield a second weapon in your off-hand.
It takes a long time for you to wield or remove held weapons.
Your first few attacks do less damage.
You cannot equip rings or amulets.


Message History

The bat is severely wounded.
You shoot a sling bullet. The sling bullet hits the bat!
You kill the bat!
You shoot a sling bullet.
No target in view!
No target in view!
No target in view!
A ball python comes into view.
You shoot a sling bullet. The ball python hisses angrily.
The sling bullet hits the ball python but does no damage.
You shoot a sling bullet.
The sling bullet closely misses the ball python.
You shoot a sling bullet.
The sling bullet closely misses the ball python.
You shoot a sling bullet. The sling bullet hits the ball python!
You kill the ball python!
No target in view!
No target in view!
No target in view!
You open the huge gate.
Found a sling.
Found a faded altar of an unknown god.
Found a stone staircase leading down.
You see here a bat corpse.
Things that are here:
a +0 club; a goblin corpse Key pressed, stopping explore.
No target in view!
Unknown command.
There is a huge open gate here.
There is a huge open gate here.
There is a faded altar of an unknown god here.
There are no items here.
This altar belongs to (a) Ignis, (b) Hepliaklqana or (c) Beogh, but you can't tell which.
Press the corresponding letter to learn more about a god, or press enter to convert or escape to cancel.
Hepliaklqana accepts your prayer! Hepliaklqana welcomes you!
Hepliaklqana forms a fragment of your life essence into the memory of your ancestor, Cyohaam!
You can now recall your ancestor.
You can now remember your ancestor's identity.
Are you sure you want to abandon this character and quit the game? (Confirm with "yes".)

.# #.#.#.####.##...#######
.# #.†........###### .#
#..#.####### .# #..#.###
.# ##..#...##### .#
#...[.#.)...##
.########...#.'''''..#
............#.'''''>.#
.########..##.R'@''..#####
## #.....'''''.......
##.##.'''''.......
#.##.†..)..#####
#.########.# #.# .# #.# .#
#.# .# #.# .#


You could see the friendly Cyohaam the ancestor.

Vanquished Creatures
  A dart slug (D:1)
  A ball python (D:1)
  A bat (D:1)
  A goblin (D:1)
  3 quokkas (D:1)
  A frilled lizard (D:1)
  A rat (D:1)
9 creatures vanquished.

Notes
Turn   | Place    | Note
-------+----------+-------------------------------------------
     0 | D:1      | Anonymous1 the Coglin Hunter began the quest for the Orb.
     0 | D:1      | Reached XP level 1. HP: 16/16 MP: 1/1
   121 | D:1      | Reached skill level 4 in Ranged Weapons
   121 | D:1      | Reached XP level 2. HP: 22/22 MP: 2/2
   223 | D:1      | Found a faded altar of an unknown god.
   232 | D:1      | Prayed at the altar of an unknown god.
   232 | D:1      | Became a worshipper of Hepliaklqana the Forgotten
   232 | D:1      | Reached * piety under Hepliaklqana
   233 | D:1      | Quit the game

Illustrated notes

Levels and vault maps discovered:
D:1:      wander_arrival_estate, layout_loops_ring,
          hellmonk_ecumenical_altar_heavens_door, chequers_serial_rivers_micro_a

Skill      XL: |  1 |
---------------+----+-----
Ranged Weapons | 4 |  4.1
Fighting       | |  2.1
Dodging        | |  1.7
Stealth        | |  0.7

Action                     || total
---------------------------++-------
   Fire: Sling             ||    40
  Dodge: Dodged            ||     2

Table legend: (Time is in decaauts)
 A = Elapsed time spent in this place.
 B = Non-inter-level travel time spent in this place.
 C = Inter-level travel time spent in this place.
 D = Time resting spent in this place.
 E = Time spent auto-exploring this place.
 F = Levels seen in this place.
 G = Mean time per level.
                   A        B        C        D        E       F      G
               +--------+--------+--------+--------+--------+-----+--------+
         Total |    237 |    237 |      0 |      0 |    196 |   1 |  237.0 |
       Dungeon |    237 |    237 |      0 |      0 |    196 |   1 |  237.0 |
               +--------+--------+--------+--------+--------+-----+--------+

Top non-repeatable levels by time:
     D:1: 237 daAuts
